 Dungeon Crawl Stone Soup version 0.22-a0-776-ge6d7efa (webtiles) character file.

639 Hebeh the Conjurer (level 7, -1/36 HPs)
             Began as a Deep Elf Conjurer on July 18, 2018.
             Was a Follower of Vehumet.
             Slain by a gnoll
             ... wielding a +0 spear
              (6 damage)
             ... on level 5 of the Dungeon.
             The game lasted 00:16:42 (5096 turns).

Hebeh the Conjurer (Deep Elf Conjurer)              Turns: 5096, Time: 00:16:43

Health: -1/36      AC:  5    Str:  5    XL:     7   Next: 26%
Magic:  0/17       EV: 13    Int: 22    God:    Vehumet [*.....]
Gold:   291        SH:  0    Dex: 15    Spells: 6/17 levels left

rFire    + . .     SeeInvis .   a - +0 hand axe
rCold    . . .     Gourm    +   (no shield)
rNeg     . . .     Faith    .   u - +0 robe {rF+}
rPois    .         Spirit   .   h - +0 helmet
rElec    .         Reflect  .   n - +0 cloak
rCorr    .         Harm     .   k - +0 pair of gloves
MR       .....                  (no boots)
Stlth    ++........             s - amulet of the gourmand
HPRegen  0.12/turn              (no ring)
MPRegen  0.15/turn              (no ring)

@: about to teleport
A: no striking features
a: Renounce Religion


You were on level 5 of the Dungeon.
You worshipped Vehumet.
Vehumet was aware of your devotion.
You were very full.

You visited 1 branch of the dungeon, and saw 5 of its levels.

You collected 291 gold pieces.

Inventory:

Hand Weapons
 a - a +0 hand axe (weapon)
 b - a +1 hunting sling
Missiles
 g - 115 stones
 i - 92 sling bullets
 m - 2 javelins of penetration (quivered)
 q - 14 bolts
Armour
 e - a +0 robe
 h - a +0 helmet (worn)
 k - a +0 pair of gloves (worn)
 n - a +0 cloak (worn)
 u - a +0 robe of fire resistance (worn)
Jewellery
 s - an amulet of the gourmand (around neck)
 C - an uncursed ring of protection from magic {unknown}
Wands
 l - a wand of flame (25)
Scrolls
 d - a scroll of magic mapping {unknown}
 f - a scroll of enchant weapon
 j - 2 scrolls of identify
 t - 5 scrolls of teleportation
 w - 2 scrolls of enchant armour {unknown}
 x - 2 scrolls of remove curse {unknown}
 y - 2 scrolls of random uselessness {unknown}
 z - a scroll of amnesia {unknown}
Potions
 o - a potion of curing {unknown}
 p - a potion of berserk rage {unknown}
 r - 2 potions of might {unknown}
 v - a potion of cancellation {unknown}
 B - 2 potions of haste {unknown}
Comestibles
 c - 10 rations


   Skills:
 - Level 2.4 Dodging
 - Level 2.4 Stealth
 + Level 5.7 Spellcasting
 * Level 7.4 Conjurations
 * Level 4.4 Translocations


You had 6 spell levels left.
You knew the following spells:

 Your Spells              Type           Power        Failure   Level  Hunger
a - Magic Dart            Conj           ####         1%          1    None
b - Iskenderun's Mystic   Conj           #####...     4%          4    ####...
c - Searing Ray           Conj           #####.       1%          2    None
d - Force Lance           Conj/Tloc      ####....     9%          4    ####...

Your spell library contained the following spells:

 Spells                   Type           Power        Failure   Level  Hunger
 Fulminant Prism          Conj/Hex       ###.......   21%         4    ####...
 Dazzling Spray           Conj/Hex       ###...       6%          3    ##.....


Dungeon Overview and Level Annotations

Branches:
Dungeon (5/15)             Temple (0/1) D:4

Altars:
Elyvilon
Uskayaw
Vehumet

Annotations:
D:5 Edmund


Message History

The magic dart hits Edmund.
Edmund is heavily wounded.
The gnoll hits you but does no damage.
Edmund hits you with a flail of holy wrath!
* * * LOW HITPOINT WARNING * * *
Casting: Magic Dart (safe; 1% risk of failure)
Confirm with . or Enter, or press ? or * to list all spells.
Aiming: Magic Dart (safe; 1% risk of failure)
Press: ? - help, Shift-Dir - straight line, f/p - Edmund
Aim: Edmund, wielding a flail of holy wrath and wearing a leather armour (heavily wounded)
The magic dart hits Edmund.
Edmund is heavily wounded.
The gnoll hits you from afar with a spear.
* * * LOW HITPOINT WARNING * * *
All of the chunks of flesh in your inventory have rotted away.
As you read the scroll labeled OZAXTI SYNEUNK, it crumbles to dust.
You feel strangely unstable.
It was a scroll of teleportation.
Edmund barely misses you.
The gnoll hits you from afar with a spear.
You die... # # #. # #. # #. # #. # #(#### ## gg..

.# ####@##.#.# .#
#...@...$?#
.############.##.##.###
.................#
.############.#### .#
#... .# ##### ##


You could see Edmund and 2 gnolls.

Vanquished Creatures
  Prince Ribbit (D:5)
  A water moccasin zombie (D:3)
  A crimson imp (D:4)
  An orc priest (D:3)
  Natasha (thrice) (D:2)
  2 iguanas
  A worker ant (D:4)
  A hound skeleton (D:2)
  4 gnolls
  4 adders
  An ooze (D:1)
  A worm (D:2)
  A dart slug (D:2)
  A leopard gecko (D:1)
  8 orcs
  2 ball pythons
  4 giant cockroaches
  9 goblins
  3 hobgoblins
  9 kobolds
  2 quokkas (D:4)
  4 bats
  6 frilled lizards
  13 rats
83 creatures vanquished.

Notes
Turn   | Place    | Note
-------+----------+-------------------------------------------
     0 | D:1      | Hebeh the Deep Elf Conjurer began the quest for the Orb.
     0 | D:1      | Reached XP level 1. HP: 10/10 MP: 6/6
   417 | D:1      | Reached XP level 2. HP: 15/15 MP: 5/8
   810 | D:1      | Reached skill level 5 in Conjurations
   926 | D:1      | Reached XP level 3. HP: 19/19 MP: 5/10
  1507 | D:2      | Noticed Natasha
  1511 | D:2      | Killed Natasha
  1511 | D:2      | Reached XP level 4. HP: 24/24 MP: 7/12
  1517 | D:2      | Learned a level 4 spell: Iskenderun's Mystic Blast
  1520 | D:2      | Learned a level 2 spell: Searing Ray
  1525 | D:2      | Learned a level 4 spell: Force Lance
  1659 | D:2      | Noticed Natasha
  1663 | D:2      | Killed Natasha
  1666 | D:2      | Noticed Natasha
  1671 | D:2      | Killed Natasha
  1671 | D:2      | Reached skill level 6 in Conjurations
  1671 | D:2      | Reached skill level 1 in Translocations
  1872 | D:2      | Found a radiant altar of Vehumet.
  1891 | D:2      | Became a worshipper of Vehumet
  1985 | D:2      | Found a white marble altar of Elyvilon.
  2023 | D:2      | Reached XP level 5. HP: 28/28 MP: 9/13
  2081 | D:2      | Found a hide-covered altar of Uskayaw.
  3134 | D:3      | Reached XP level 6. HP: 32/32 MP: 9/15
  3316 | D:3      | Reached * piety under Vehumet
  3316 | D:3      | Offered knowledge of Sandblast by Vehumet.
  3316 | D:3      | Reached skill level 5 in Spellcasting
  4776 | D:4      | Found a staircase to the Ecumenical Temple.
  4822 | D:5      | Entered Level 5 of the Dungeon
  4823 | D:5      | Noticed Prince Ribbit
  4828 | D:5      | Killed Prince Ribbit
  4828 | D:5      | Reached skill level 7 in Conjurations
  4828 | D:5      | Reached XP level 7. HP: 36/36 MP: 0/17
  5086 | D:5      | Noticed Edmund
  5096 | D:5      | Slain by a gnoll

Vault maps used:
D:1:      nicolae_arrival_washed_ashore
D:2:      lemuel_doored_altar, old_standard_altar, overflow_temple_1_default,
          uniq_natasha
D:3:      first_ration, grunt_ministairs_14, minivault_4
D:4:      minmay_temple_entry_fiery, st_stairs_10
D:5:      uniq_edmund, uniq_prince_ribbit1

Skill      XL: |  1  2  3  4  5  6 |
---------------+-------------------+-----
Conjurations   | 5 6 7 |  7.4
Spellcasting   | 4 5 |  5.7
Translocations | 1 2 4 |  4.4
Dodging        | |  2.4
Stealth        | |  2.4

Action                   |  1- 3 |  4- 6 |  7- 9 || total
-------------------------+-------+-------+-------++-------
Melee: Hand axe          |     5 |     3 |       ||     8
 Fire: Hunting sling     |     2 |       |       ||     2
 Cast: Magic Dart        |    57 |    83 |     8 ||   148
       Searing Ray       |       |     7 |     1 ||     8
       Iskenderun's Myst |       |     8 |     3 ||    11
       Force Lance       |       |     2 |       ||     2
  Use: Scroll            |       |     2 |     1 ||     3
  Eat: Chunk             |     2 |    19 |     1 ||    22
Armor: Robe              |     2 |       |     2 ||     4
Dodge: Dodged            |     5 |    12 |     6 ||    23

Table legend:
 A = Spawn XP
 B = Non-spawn XP
 C = Spawn XP percentage of total XP
 D = Spawn monster count
 E = Non-spawn monster count
 F = Spawn count percentage of total count
 G = Total turns spent on level
                    A         B        C        D         E        F      G
               +---------+---------+-------+---------+---------+-------+---------
         Total |       0 |     914 |   0.0 |       0 |      83 |   0.0 |  5096
               +---------+---------+-------+---------+---------+-------+---------
           D:1 |       0 |      46 |   0.0 |       0 |      27 |   0.0 |  1378
           D:2 |       0 |     219 |   0.0 |       0 |      22 |   0.0 |  1313
           D:3 |       0 |     157 |   0.0 |       0 |      21 |   0.0 |  1288
           D:4 |       0 |     154 |   0.0 |       0 |       9 |   0.0 |   843
           D:5 |       0 |     338 |   0.0 |       0 |       4 |   0.0 |   274
               +---------+---------+-------+---------+---------+-------+---------
